 Dungeon Crawl Stone Soup version 0.23-a0-642-g3120c2f5a9 (webtiles) character file.

53 HereIgoKillingAgain the Ruffian (level 3, 0/31 HPs)
             Began as a Naga Transmuter on Dec 31, 2018.
             Was an Initiate of Fedhas.
             Slain by an adder (4 damage)
             ... on level 2 of the Dungeon.
             The game lasted 00:01:35 (2130 turns).

HereIgoKillingAgain the Ruffian (Naga Transmuter)   Turns: 2130, Time: 00:01:36

Health: 0/31       AC:  2    Str: 11 (12) XL:     3   Next: 87%
Magic:  3/6        EV:  9    Int: 11 (14) God:    Fedhas [......]
Gold:   102        SH:  0    Dex:  8 (11) Spells: 0/6 levels left

rFire    . . .     SeeInvis +     - Unarmed
rCold    . . .     Gourm    .   (no shield)
rNeg     . . .     Faith    .   b - +0 robe
rPois    +         Spirit   .   (no helmet)
rElec    .         Reflect  .   (no cloak)
rCorr    .         Harm     .   (no gloves)
MR       .....                  (no barding)
Stlth    +.........             (no amulet)
HPRegen  0.10/turn              (no ring)
MPRegen  0.10/turn              (no ring)

@: lethally poisoned (0 -> -2), appendage, very slightly contaminated, very slow
A: large, horns 2, see invisible, deformed body, poison resistance, slowness 2,
slow metabolism 1, spit poison 1, AC +1
a: Spit Poison, End Transformation, Fungal Bloom, Renounce Religion


You were on level 2 of the Dungeon.
You worshipped Fedhas.
Fedhas was noncommittal.
You were hungry.
You had grown temporary horns.
You visited 1 branch of the dungeon, and saw 2 of its levels.

You collected 102 gold pieces.

Inventory:

Missiles
 a - 12 arrows
Armour
 b - a +0 robe (worn)
Scrolls
 c - a scroll of fear {unknown}
 f - a scroll of noise {unknown}
 g - a scroll of teleportation {unknown}
Comestibles
 d - 3 rations


   Skills:
 - Level 1.0 Fighting
 - Level 1.5 Dodging
 + Level 3.9 Unarmed Combat
 - Level 2.0 Spellcasting
 + Level 3.1 Transmutations


You couldn't memorise any spells.
You knew the following spells:

 Your Spells              Type           Power        Failure   Level  Hunger
a - Beastly Appendage     Tmut           #.....       8%          1    ##.....
b - Sticks to Snakes      Tmut           #.......     12%         2    ###....
c - Spider Form           Tmut/Pois      #.........   41%         3    ####...

Your spell library contained the following spells:

 Spells                   Type           Power        Failure   Level  Hunger
 Ice Form                 Ice/Tmut       #.......     83%         4    #####..
 Blade Hands              Tmut           #.........   91%         5    ######.


Dungeon Overview and Level Annotations

Branches:
Dungeon (2/15)

Altars:
Fedhas


Innate Abilities, Weirdness & Mutations

You cannot wear boots.
Your serpentine skin is tough. (AC +1)
You have supernaturally acute eyesight. (SInv)
Armour fits poorly on your strangely shaped body.
Your system is resistant to poisons. (rPois)
You cover ground very slowly.
You have a slow metabolism.
You can spit poison.
You have a pair of horns on your head.


Message History

* * * LOW HITPOINT WARNING * * *
You hit the adder but do no damage. The adder bites you.
* * * LOW HITPOINT WARNING * * *
You are poisoned.
The adder poisons you! The adder barely misses you.
Unknown command.
It was a potion of degeneration.
There was something very wrong with that liquid.
You feel weakened.
You feel dopey.
You feel clumsy.
You feel sick. The adder bites you.
* * * LOW HITPOINT WARNING * * *
You aren't carrying any items that you can evoke.
Casting: Beastly Appendage (safe; 8% risk of failure)
Confirm with . or Enter, or press ? or * to list all spells.
You miscast Sticks to Snakes.
You are very lightly contaminated with residual magic.
Multicoloured lights dance before your eyes!
The adder bites you.
You die...
Fedhas appreciates your contribution to the ecosystem.

♣♣......... ♣..........
♣.♣.......♣ ♣♣♣♣♣.).♣♣♣
### ♣♣...♣♣ .... ♣.....♣♣
..... #####.####
.!....##########........#
......rS@......'........'
......##########........#
..... ###################
.>.. +..................
... ######.######..... ##
#<#..w..# #.....
#...##..# #.....
######..# ###### ...#


You could see an adder and a rat.

Vanquished Creatures
  An adder (D:2)
  2 oozes (D:1)
  A leopard gecko (D:2)
  A ball python (D:1)
  8 bats
  3 giant cockroaches
  3 goblins (D:1)
  3 hobgoblins (D:1)
  2 frilled lizards (D:1)
  7 kobolds
  2 rats (D:1)
33 creatures vanquished.

Notes
Turn   | Place    | Note
-------+----------+-------------------------------------------
     0 | D:1      | HereIgoKillingAgain the Naga Transmuter began the quest for
                  | the Orb.
     0 | D:1      | Reached XP level 1. HP: 18/18 MP: 3/3
    81 | D:1      | Reached XP level 2. HP: 4/25 MP: 5/5
   694 | D:1      | Reached XP level 3. HP: 18/31 MP: 6/6
   964 | D:1      | Learned a level 2 spell: Sticks to Snakes
   968 | D:1      | Learned a level 3 spell: Spider Form
  2068 | D:2      | Found a blossoming altar of Fedhas.
  2079 | D:2      | Became a worshipper of Fedhas Madash
  2130 | D:2      | Slain by an adder

Vault maps used:
D:1:      dpeg_arrival_simpleton_a, minmay_misc_feat_pillars
D:2:      elyvilon_altar_4, first_ration, fedhas_altar_fruit_tree

Skill      XL: |  1  2  3 |
---------------+----------+-----
Transmutations | 3 |  3.1
Fighting       | |  1.0
Dodging        | |  1.5
Unarmed Combat | |  3.9
Spellcasting   | |  2.0

Action                   || total
-------------------------++-------
Melee: Unarmed           ||   134
       Punch             ||     3
 Cast: Beastly Appendage ||     4
 Abil: Spit Poison       ||     4
  Use: Potion            ||     1
  Eat: Chunk             ||     2
Armor: Robe              ||    30
Dodge: Dodged            ||    84

Table legend:
 A = Non-vault XP
 B = Vault XP
 C = Vault XP percentage of total XP
 D = Non-vault monster count
 E = Vault monster count
 F = Vault count percentage of total count
                 A         B        C        D         E       F
            +---------+---------+-------+---------+---------+-------
      Total |      76 |       0 |   0.0 |      33 |       0 |   0.0
            +---------+---------+-------+---------+---------+-------
        D:1 |      51 |       0 |   0.0 |      26 |       0 |   0.0
        D:2 |      25 |       0 |   0.0 |       7 |       0 |   0.0
            +---------+---------+-------+---------+---------+-------
